 Dungeon Crawl Stone Soup version 0.21.0-24-g2553a33 (webtiles) character file.

46 tidbits the Digger (level 3, 0/28 HPs)
             Began as a Gnoll Wanderer on Jan 20, 2018.
             Slain by a hound (4 damage)
             ... on level 6 of the Dungeon.
             The game lasted 00:05:23 (532 turns).

tidbits the Digger (Gnoll Wanderer)                  Turns: 532, Time: 00:05:24

Health: 0/28       AC:  1    Str: 15    XL:     3   Next: 66%
Magic:  7/7        EV: 11    Int: 16    God:
Gold:   54         SH:  0    Dex: 12    Spells: 2/7 levels left

rFire    . . .     SeeInvis .   j - +0 short sword
rCold    . . .     Gourm    .   (no shield)
rNeg     . . .     Faith    .   B - +0 robe
rPois    .         Spirit   .   (no helmet)
rElec    .         Reflect  .   (no cloak)
rCorr    .         Harm     .   (no gloves)
MR       .....                  F - +0 pair of boots
Stlth    ++........             (no amulet)
HPRegen  0.09/turn              m - -2 ring of protection (curse)
MPRegen  0.10/turn              d - ring of flight

@: lethally poisoned (0 -> -14)
A: distributed training, fangs 1, strong nose
a: Evoke Flight


You were on level 6 of the Dungeon.
You were full.

You visited 1 branch of the dungeon, and saw 4 of its levels.

You collected 54 gold pieces.

Inventory:

Hand Weapons
 a - a +0 club
 j - a +0 short sword (weapon)
Missiles
 g - 62 stones (quivered)
 h - 5 tomahawks
 l - 20 arrows
Armour
 i - a +0 buckler
 B - a +0 robe (worn)
 F - a +0 pair of boots (worn)
Jewellery
 d - a ring of flight (right hand)
   (You found it on level 2 of the Dungeon)
 m - a cursed -2 ring of protection (left hand)
   (You found it on level 1 of the Dungeon)
Scrolls
 k - a scroll of immolation
Books
 c - Zidwuj's Papyrus of Earth

   Spells                             Type                      Level
   a - Sandblast                      Earth                        1
   b - Stone Arrow                    Conjuration/Earth            3
 e - a book of Frost

   Spells                             Type                      Level
   a - Freeze                         Ice                          1
   b - Throw Frost                    Conjuration/Ice              2
   c - Ozocubu's Armour               Charms/Ice                   3
   d - Throw Icicle                   Conjuration/Ice              4
   e - Summon Ice Beast               Ice/Summoning                4
Comestibles
 f - 2 rations


   Skills:
 + Level 2.6 Fighting
 + Level 0.9 Short Blades
 + Level 0.9 Long Blades
 + Level 0.9 Axes
 + Level 0.9 Maces & Flails
 + Level 0.9 Polearms
 + Level 0.9 Staves
 + Level 0.9 Slings
 + Level 0.9 Bows
 + Level 0.9 Crossbows
 + Level 2.6 Throwing
 + Level 0.9 Armour
 + Level 0.9 Dodging
 + Level 2.4 Stealth
 + Level 2.6 Shields
 + Level 2.6 Unarmed Combat
 + Level 2.8 Spellcasting
 + Level 0.6 Conjurations
 + Level 0.6 Hexes
 + Level 0.6 Charms
 + Level 0.6 Summonings
 + Level 0.6 Necromancy
 + Level 0.6 Translocations
 + Level 0.6 Transmutations
 + Level 0.6 Fire Magic
 + Level 2.1 Ice Magic
 + Level 0.6 Air Magic
 + Level 5.4 Earth Magic
 + Level 0.6 Poison Magic
 + Level 1.0 Invocations
 + Level 0.9 Evocations


You had 2 spell levels left.
You knew the following spells:

 Your Spells              Type           Power        Failure   Level  Hunger
a - Sandblast             Erth           ###...       1%          1    #......
f - Freeze                Ice            #...         8%          1    #......
o - Ozocubu's Armour      Chrm/Ice       #.......     32%         3    ###....


Dungeon Overview and Level Annotations

Branches:
Dungeon (3/15)

Altars:

Annotations:
D:2 Terence
D:6 Sigmund


Innate Abilities, Weirdness & Mutations

Your experience applies equally to all skills.
You have very sharp teeth.
Your uncanny sense of smell can sniff out nearby items.


Message History

Press: ? - help, Shift-Dir - straight line, f/p - rat
Aim: a rat The blast of sand hits the rat.
You kill the rat!
g - 64 stones You see here a rat corpse.
Your magical contamination has completely faded away.
Found a ration.
You see here a ration.
You eat the ration.
That ration really hit the spot!
Found a ration and 2 gold pieces.
You see here a ration.
f - 2 rations (gained 1)
You see here 2 gold pieces.
You now have 42 gold pieces (gained 2).
Found 12 gold pieces.
You see here 12 gold pieces.
You now have 54 gold pieces (gained 12).
A kobold comes into view.
Casting: Sandblast
Confirm with . or Enter, or press ? or * to list all spells.
Aiming: Sandblast
Press: ? - help, Shift-Dir - straight line, f - kobold
Aim: a kobold (resting)
The blast of sand hits the kobold.
You kill the kobold!
g - 63 stones A rat comes into view.
The rat bites you.
You hit the rat but do no damage. Your bite misses the rat.
The rat completely misses you.
Casting: Sandblast
Confirm with . or Enter, or press ? or * to list all spells.
Aiming: Sandblast
Press: ? - help, Shift-Dir - straight line, f - rat
Aim: a rat The blast of sand hits the rat.
You kill the rat!
g - 62 stones
Found an escape hatch in the floor.
There is an escape hatch in the floor here.
Magic restored.
Found a stone staircase leading down.
Memorise Ozocubu's Armour, consuming 3 spell levels and leaving 2?
You start memorising the spell.
You continue memorising. x3
You finish memorising.
Spell assigned to 'o'.
There is a stone staircase leading down here.
You climb downwards.
Found 19 bolts.
There is a stone staircase leading up here.
Unknown command.
Unknown command.
You fall through a shaft for 3 floors!
The shaft crumbles and collapses.
A hound, a giant cockroach, a scorpion and Sigmund come into view.
Sigmund shouts!
Found five items.
Unknown command.
As you read the scroll of teleportation, it crumbles to dust.
You feel strangely unstable.
The scorpion moves out of view.
Sigmund misses you. The hound bites you.
Unknown command.
Sigmund gestures at you while chanting.
You are confused.
The hound closely misses you.
Found a mace and a robe.
Your surroundings suddenly seem different.
A worker ant comes into view.
The worker ant twitches its antennae in your direction.
A hound comes into view.
The hound barks!
The hound closely misses you. The hound bites you.
Found a long sword.
Unknown command.
It was a potion of heal wounds.
You feel much better. The worker ant closely misses you.
The hound barely misses you. The worker ant bites you!
You are poisoned.
The worker ant poisons you! The worker ant barely misses you.
The hound bites you.
Unknown command.
You hit the worker ant.
The worker ant is lightly wounded.
You feel sick. The hound bites you.
* * * LOW HITPOINT WARNING * * *
The worker ant misses you.
Unknown command.
The hound closely misses you.
You completely miss the hound.
You feel less confused.
You feel sick. The hound bites you.
* * * LOW HITPOINT WARNING * * *
The worker ant bites you.
* * * LOW HITPOINT WARNING * * *
The worker ant bites you.
* * * LOW HITPOINT WARNING * * *
You are more poisoned.
The worker ant poisons you! The hound bites you.
You die...

############
#..........#
#..........#
#..........#
##..........#
..###...h.......#
.......@a....)..#
..####..........#
............#
...############
#### ∆


You could see a hound and a worker ant.

Vanquished Creatures
  An adder (D:2)
  An ooze (D:1)
  A worm (D:2)
  A leopard gecko (D:1)
  3 goblins (D:1)
  6 hobgoblins (D:1)
  5 kobolds
  4 bats (D:1)
  A frilled lizard (D:2)
  4 rats
27 creatures vanquished.

Notes
Turn   | Place    | Note
-------+----------+-------------------------------------------
     0 | D:1      | tidbits the Gnoll Wanderer began the quest for the Orb.
     0 | D:1      | tidbits set off with: a book of Frost, a scroll of teleportation, Zidwuj's Papyrus of Earth, a +0 robe, a +0 club, a ration
     0 | D:1      | Reached XP level 1. HP: 17/17 MP: 4/4
     0 | D:1      | Identified Zidwuj's Papyrus of Earth
     2 | D:1      | Learned a level 1 spell: Sandblast
     4 | D:1      | Learned a level 1 spell: Freeze
    74 | D:1      | Reached skill level 2 in Ice Magic
   114 | D:1      | Reached XP level 2. HP: 15/23 MP: 1/5
   292 | D:2      | Reached XP level 3. HP: 6/28 MP: 5/7
   330 | D:1      | Reached skill level 1 in Invocations
   410 | D:2      | Noticed Terence
   514 | D:2      | Learned a level 3 spell: Ozocubu's Armour
   523 | D:3      | You fall through a shaft for 3 floors!
   523 | D:6      | Noticed Sigmund
   523 | D:6      | Noticed a scorpion
   532 | D:6      | Slain by a hound

Skill      XL: |  1  2  3 |
---------------+----------+-----
Ice Magic      | 2 |  2.1
Invocations    | 1 |  1.0
Fighting       | |  2.6
Short Blades   | |  0.9
Long Blades    | |  0.9
Axes           | |  0.9
Maces & Flails | |  0.9
Polearms       | |  0.9
Staves         | |  0.9
Slings         | |  0.9
Bows           | |  0.9
Crossbows      | |  0.9
Throwing       | |  2.6
Armour         | |  0.9
Dodging        | |  0.9
Stealth        | |  2.4
Shields        | |  2.6
Unarmed Combat | |  2.6
Spellcasting   | |  2.8
Conjurations   | |  0.6
Hexes          | |  0.6
Charms         | |  0.6
Summonings     | |  0.6
Necromancy     | |  0.6
Translocations | |  0.6
Transmutations | |  0.6
Fire Magic     | |  0.6
Air Magic      | |  0.6
Earth Magic    | |  5.4
Poison Magic   | |  0.6
Evocations     | |  0.9

Action                   || total
-------------------------++-------
Melee: Club              ||     7
       Bite              ||     2
       Short sword       ||     7
 Cast: Freeze            ||     4
       Sandblast         ||    30
  Use: Potion            ||     3
       Scroll            ||     3
 Stab: Sleeping          ||     1
  Eat: Ration            ||     1
Armor: Robe              ||     3
Dodge: Dodged            ||    27

Table legend:
 A = Turns spent in this place as a percentage of turns spent in the entire game.
 B = Non-inter-level travel turns spent in this place as a percentage of non-inter-level travel turns spent in the entire game.
 C = Inter-level travel turns spent in this place as a percentage of turns spent in this place.
 D = Turns resting spent in this place as a percentage of non-inter-level travel turns spent in this place.
 E = Turns spent auto-exploring this place as a percentage of non-inter-level travel turns spent in this place.
 F = Non-inter-level travel turns spent in this place divided by the number of levels of this place that you've seen.
                   A       B       C       D       E      F
               +-------+-------+-------+-------+-------+----------------------
         Total | 100.0 | 100.0 |   0.0 |   0.0 |   0.0 | 133.0
       Dungeon | 100.0 | 100.0 |   0.0 |   0.0 |   0.0 | 133.0
               +-------+-------+-------+-------+-------+----------------------

Table legend:
 A = Kills in this place as a percentage of kills in entire the game.
 B = Kills by you in this place as a percentage of kills by you in the entire game.
 C = Kills by friends in this place as a percentage of kills by friends in the entire game.
 D = Other kills in this place as a percentage of other kills in the entire game.
 E = Experience gained in this place as a percentage of experience gained in the entire game.
 F = Experience gained in this place divided by the number of levels of this place that you have seen.
                   A       B       C       D       E      F
               +-------+-------+-------+-------+-------+----------------------
         Total | 100.0 | 100.0 |   N/A |   N/A | 100.0 |  16.5
       Dungeon | 100.0 | 100.0 |   N/A |   N/A | 100.0 |  16.5
               +-------+-------+-------+-------+-------+----------------------

Vault maps used:
D:1:      scummos_arrival_checkerplants
D:2:      uniq_terence
D:3:      first_ration, minmay_misc_feat_nine_boxes
D:6:      uniq_sigmund
